 Dungeon Crawl Stone Soup version 0.22-a0-800-g058c00f (webtiles) character file.

107 00Nightcrawler the Changer (level 4, -4/23 HPs)
             Began as a Vine Stalker Transmuter on July 21, 2018.
             Killed from afar by an orc wizard (9 damage)
             ... with a puff of flame
             ... on level 2 of the Dungeon.
             The game lasted 00:02:56 (1297 turns).

00Nightcrawler the Changer (VSTm)                   Turns: 1297, Time: 00:02:57

Health: -4/23      AC:  2    Str: 12    XL:     4   Next: 86%
Magic:  0/9        EV: 20    Int: 14    God:
Gold:   57         SH:  0    Dex: 20    Spells: 5/9 levels left

rFire    . . .     SeeInvis .     - Unarmed
rCold    . . .     Gourm    .   (shield currently unavailable)
rNeg     . . .     Faith    .   (armour currently unavailable)
rPois    x         Spirit   +   (helmet currently unavailable)
rElec    .         Reflect  .   (cloak currently unavailable)
rCorr    .         Harm     .   (gloves currently unavailable)
MR       .....                  (boots currently unavailable)
Stlth    ++........             (no amulet)
HPRegen  0.47/turn              (no ring)
MPRegen  0.11/turn              (no ring)

@: spider-form (expiring)
A: tiny, regeneration 1, magic shield, no potion heal 3, rot immunity
a: End Transformation


You were on level 2 of the Dungeon.
You were hungry.
You were a venomous arachnid creature.
You visited 1 branch of the dungeon, and saw 2 of its levels.

You collected 57 gold pieces.

Inventory:

Missiles
 a - 34 arrows
Armour
 b - a +0 robe (melded)
 l - a cursed -2 cloak (melded)
Scrolls
 c - a scroll of enchant armour {unknown}
 e - 2 scrolls of enchant weapon {unknown}
 f - a scroll of teleportation {unknown}
 g - 2 scrolls of identify {unknown}
 i - 2 scrolls of immolation {unknown}
Potions
 h - a potion of degeneration {unknown}
 j - a potion of might
Comestibles
 d - 3 rations
 k - 4 chunks of flesh


   Skills:
 + Level 2.4 Fighting
 - Level 2.0 Dodging
 - Level 3.0 Unarmed Combat
 - Level 3.0 Spellcasting
 + Level 3.2 Transmutations


You had 5 spell levels left.
You knew the following spells:

 Your Spells              Type           Power        Failure   Level  Hunger
a - Beastly Appendage     Tmut           ##....       17%         1    #......
b - Spider Form           Tmut/Pois      #.........   54%         3    ###....

Your spell library contained the following spells:

 Spells                   Type           Power        Failure   Level  Hunger
 Blade Hands              Tmut           ##........   95%         5    ######.
 Ice Form                 Ice/Tmut       #.......     88%         4    #####..
 Sticks to Snakes         Tmut           ##......     22%         2    ##.....


Dungeon Overview and Level Annotations

Branches:
Dungeon (2/15)

Altars:

Annotations:
D:1 Sigmund


Innate Abilities, Weirdness & Mutations

((You have extremely sharp teeth.))
Your natural rate of healing is unusually fast.
When hurt, damage is shared between your health and your magic reserves.
((Your bite disrupts and absorbs the magic of your enemies.))
Potions cannot restore your health.
You are immune to rotting.


Message History

The orc misses you.
The orc priest hits you but does no damage.
You bite the orc!
You kill the orc!
The orc priest misses you. The orc priest completely misses you.
Items here: ! $ ) ? [ † You hit the orc priest.
The orc priest is moderately wounded.
Your transformation is almost over.
You hit the orc priest.
The orc priest is poisoned.
The orc priest is heavily wounded.
The orc priest hits you with a trident!
* * * LOW HITPOINT WARNING * * *
You bite the orc priest!
You kill the orc priest!
Your Transmutations skill increases to level 3!
A puff of flame appears from out of thin air!
The puff of flame hits you!
You die...

##...........#
.#.>.........# ########
(#÷..........# #......#
.)[..........# #......##
##....##..#.## #.......#
[.....##.##..####.......#
....>.#..###...##.......#
........................#
............###.s...###...
.........#..#######..#
######........# ##.#
#(..##.....#####.#
#..#.####......##)#####
#.##. ##..#).).....# #. #.
#...###.###....# .
#........#.# .....
#........... ####


There were no monsters in sight!

Vanquished Creatures
  An orc priest (D:2)
  Terence (D:2)
  An ooze (D:1)
  A dart slug (D:1)
  A leopard gecko (D:1)
  3 orcs (D:2)
  3 giant cockroaches (D:1)
  5 goblins
  3 hobgoblins
  7 jackals
  4 kobolds
  5 bats (D:1)
  3 frilled lizards (D:1)
  3 rats (D:1)
41 creatures vanquished.

Notes
Turn   | Place    | Note
-------+----------+-------------------------------------------
     0 | D:1      | 00Nightcrawler the Vine Stalker Transmuter began the quest for the Orb.
     0 | D:1      | Reached XP level 1. HP: 9/9 MP: 4/4
    34 | D:1      | Reached skill level 1 in Fighting
   317 | D:1      | Reached XP level 2. HP: 12/14 MP: 3/6
   836 | D:1      | Reached XP level 3. HP: 13/18 MP: 5/7
   841 | D:1      | Learned a level 3 spell: Spider Form
  1101 | D:2      | Noticed Sigmund
  1188 | D:2      | Noticed Terence
  1203 | D:2      | Killed Terence
  1203 | D:2      | Gained mutation: Your natural rate of healing is unusually fast. [Vine Stalker growth]
  1203 | D:2      | Reached XP level 4. HP: 18/23 MP: 4/9
  1297 | D:2      | Killed from afar by an orc wizard

Vault maps used:
D:1:      dpeg_arrival_rhombus
D:2:      uniq_sigmund, uniq_terence

Skill      XL: |  1  2  3  4 |
---------------+-------------+-----
Fighting       | 1 2 |  2.4
Dodging        | 2 |  2.0
Spellcasting   | 3 |  3.0
Transmutations | 3 |  3.2
Unarmed Combat | |  3.0

Action                   |  1- 3 |  4- 6 || total
-------------------------+-------+-------++-------
Melee: Unarmed           |   111 |    20 ||   131
       Bite              |    21 |     3 ||    24
       Headbutt          |     6 |       ||     6
       Kick              |     4 |       ||     4
 Cast: Beastly Appendage |     7 |       ||     7
       Spider Form       |     4 |     2 ||     6
 Stab: Sleeping          |     2 |       ||     2
  Eat: Chunk             |     2 |       ||     2
Armor: Robe              |    20 |       ||    20
Dodge: Dodged            |    76 |     8 ||    84

Table legend:
 A = Spawn XP
 B = Non-spawn XP
 C = Spawn XP percentage of total XP
 D = Spawn monster count
 E = Non-spawn monster count
 F = Spawn count percentage of total count
 G = Total turns spent on level
                    A         B        C        D         E        F      G
               +---------+---------+-------+---------+---------+-------+---------
         Total |       0 |     154 |   0.0 |       0 |      41 |   0.0 |  1297
               +---------+---------+-------+---------+---------+-------+---------
           D:1 |       0 |      59 |   0.0 |       0 |      31 |   0.0 |  1121
           D:2 |       0 |      95 |   0.0 |       0 |      10 |   0.0 |   176
               +---------+---------+-------+---------+---------+-------+---------
